Cogmind - Beta 17 @@@ ROGUE MODE // 2026.07.01 @ 07:51:31 Player: goobie Result: Destroyed by Y-45 Defender with Heavy Assault Rifle Performance ------------- Evolutions (1) 500 Regions Visited (3) 600 Robots Destroyed (14) 70 Value Destroyed (314) 314 Prototype IDs (4) 80 Alien Tech Used (0) 0 Bonus (51) 51 TOTAL SCORE: 1615 Bonus ------- Follower Combat Kills 66 Friendly Fire -15 Cogmind --------- Core Integrity 0/400 Matter 260/300 Energy 92/280 System Corruption 0% Temperature Cool (12) Movement Flying (34) Location -9/Storage Parts ------- > --- POWER (1) -------- Heavy Ion Engine > --- PROPULSION (3) --- Flight Unit Improved Flight Unit Improved Flight Unit > --- UTILITY (3) ------ Visual Processing Unit > --- WEAPON (2) ------- Light Cannon > --- INVENTORY (5) ---- Light Ion Engine Light Ion Engine Peak State ------------ > --- POWER ------------ Heavy Ion Engine > --- PROPULSION ------- Flight Unit Improved Flight Unit Improved Flight Unit > --- UTILITY ---------- Visual Processing Unit > --- WEAPON ----------- Improved Medium Laser Light Cannon > --- INVENTORY -------- Light Ion Engine Light Ion Engine [Rating: 16] Favorites ----------- Power Light Ion Engine Engine Light Ion Engine Propulsion Wheel Leg Aluminum Leg Wheel Wheel Flight Unit Flight Unit Utility Small Storage Unit Device Cooling System Storage Small Storage Unit Processor Visual Processing Unit Weapon EM Pulse Gun Energy Gun EM Pulse Gun Ballistic Gun Autogun Ballistic Cannon Light Cannon Build | -11 -10 -9 -9 ------- Run | Yrd Mat Mat Sto Slots Evolved 2 | . . 2 . Power . | . . . . Propulsion 1 | . . 1 . Utility 1 | . . 1 . Weapon . | . . . . Parts Attached 27 | 6 6 2 13 Power 4 | 1 1 . 2 Engine 4 | 1 1 . 2 Core . | . . . . Reactor . | . . . . Propulsion 12 | 2 2 1 7 Treads . | . . . . Leg 2 | . 2 . . Wheel 3 | 2 . 1 . Hover . | . . . . Flight 7 | . . . 7 Utility 3 | 1 1 1 . Device 1 | . 1 . . Storage 1 | 1 . . . Processor 1 | . . 1 . Hackware . | . . . . Protection . | . . . . Artifact . | . . . . Weapon 8 | 2 2 . 4 Energy Gun 5 | 2 1 . 2 Energy Cannon . | . . . . Ballistic Gun 2 | . 1 . 1 Ballistic Cannon 1 | . . . 1 Launcher . | . . . . Special Weapon . | . . . . Impact Weapon . | . . . . Slashing Weapon . | . . . . Piercing Weapon . | . . . . Special Melee Weapon . | . . . . Unidentified Prototypes 4 | . . . 4 Parts Lost 17 | . 2 4 11 Power 2 | . 1 1 . Propulsion 9 | . . 2 7 Utility 1 | . . . 1 Weapon 5 | . 1 1 3 Highest Loss Streak 6 | . 2 3 6 To Critical Strikes . | . . . . Average Backups 3 | 2 5 4 1 Power . | . . . . Propulsion 1 | . 2 2 . Utility . | . . . . Weapon 1 | 1 1 2 1 Tool/Special . | . . . . Unused Backups 1 | . . . 1 Power 1 | . . . 1 Propulsion . | . . . . Utility . | . . . . Weapon . | . . . . Tool/Special . | . . . . Average Slot Usage (%) 79 | . 95 91 64 Engine 8 | . 13 10 2 Leg 3 | . 1 . 5 Wheel 15 | . 26 27 3 Flight 8 | . . . 18 Device 8 | . 10 11 6 Storage 8 | . 14 11 3 Processor 6 | . . 10 11 Energy Gun 15 | . 27 11 6 Ballistic Gun 4 | . . 11 6 Peak Build Rating 16 | 6 9 12 16 Average Rating 8 | 3 7 11 9 On Entrance 5 | . 6 9 8 Avg Prop Armor Cover (%) 5 | . . . 5 Naked Turns . | . . . . Heaviest Build 15 | 12 15 15 12 Greatest Support 30 | 20 20 30 20 Greatest Overweight (x) . | . . . . Average Overweight (x) . | . . . . Largest Inventory Capacity 8 | 8 8 8 8 Average Capacity 6 | 6 8 8 5 Most Carried 7 | 5 7 5 5 Average Carried 3 | 2 5 4 1 Final Capacity 8 | 8 8 8 5 Final Carried 6 | 4 6 4 2 Class Distribution -------------------- 100% | Mutant Dominant Class ---------------- Mutant | -10/Materials Mutant | -9/Materials Mutant | -9/Storage Resources | -11 -10 -9 -9 ----------- Run | Yrd Mat Mat Sto Matter Collected 536 | 211 109 34 182 Remotely . | . . . . Salvage Created 439 | . 248 51 140 Parts 25 | . 13 4 8 Haulers Intercepted . | . . . . Recyclers Shooed . | . . . . Parts Field Recycled . | . . . . Retrieved Matter . | . . . . Parts Self-Destructed . | . . . . Prevented . | . . . . Parts Restored . | . . . . Kills | -11 -10 -9 -9 ------- Run | Yrd Mat Mat Sto Combat Hostiles Destroyed 13 | . 6 3 4 Guns 10 | . 3 3 4 AOE 2 | . 2 . . Classes Destroyed 4 | . 3 . 1 Operator 1 | . 1 . . Swarmer 7 | . 2 3 2 Grunt 5 | . 4 . 1 Sentry 1 | . . . 1 Best Kill Streak 3 | . 2 3 2 Combat Bots Only 3 | . 2 3 2 Max Kills in Single Turn 2 | . 2 1 1 Gunslinging . | . . . . Exploded 2 | . 2 . . Melee . | . . . . Uniques/NPCs Destroyed . | . . . . Combat | -11 -10 -9 -9 -------- Run | Yrd Mat Mat Sto Hostile Shots Fired 241 | . 31 42 168 Missed 107 | . 12 14 81 Hits 134 | . 19 28 87 Projectile 134 | . 19 28 87 Critical Strikes 3 | . . . 3 Damage Taken 1642 | . 239 313 1090 Core 457 | . 50 94 313 Absorbed by Shields . | . . . . Core Remaining (%) 90 | 100 80 . . Volleys Fired 45 | . 16 10 19 Largest 2 | . 2 2 2 Hottest 80 | . 80 63 80 Shots Fired 88 | . 32 20 36 Gun 87 | . 32 20 35 Cannon 1 | . . . 1 Launcher . | . . . . Special . | . . . . Kinetic 28 | . . 10 18 Thermal 18 | . . . 18 Explosive . | . . . . Electromagnetic 42 | . 32 10 . Robot Hit Streak 12 | . 12 2 5 Robot Miss Streak 5 | . 2 4 5 Penetration Max . | . . . . Secondary Targets . | . . . . Shots Hit Robots 44 | . 21 7 16 Core Hits 19 | . 9 3 7 Critical Kills . | . . . . Critical Parts Destroyed . | . . . . Critical Strikes 1 | . . . 1 Burn 1 | . . . 1 Melee Attacks . | . . . . Impact . | . . . . Slashing . | . . . . Piercing . | . . . . Sneak Attacks . | . . . . Combat Hostiles . | . . . . Follow-up Attacks . | . . . . Damage Inflicted 761 | . 393 111 257 Guns 690 | . 322 111 257 Cannons . | . . . . Explosions 71 | . 71 . . Melee . | . . . . Ramming . | . . . . Kinetic 233 | . . 63 170 Thermal 158 | . 71 . 87 Explosive . | . . . . Electromagnetic 370 | . 322 48 . Impact . | . . . . Slashing . | . . . . Piercing . | . . . . Highest Corruption . | . . . . Average Corruption . | . . . . Corruption Purged . | . . . . Corruption Blocked . | . . . . Overload Shots . | . . . . Overflow Damage . | . . . . Projectiles . | . . . . Explosions . | . . . . Melee . | . . . . Knockbacks . | . . . . Impact . | . . . . Kinetic . | . . . . Secondary . | . . . . Self-Inflicted Damage . | . . . . Shots . | . . . . Rammed . | . . . . Targets Rammed . | . . . . Kicked . | . . . . Crushed . | . . . . Highest Temperature 36 | . 36 . 34 Average Temperature 12 | . 20 . 10 Received Heat Transfer 504 | . 99 81 324 Siege Activations . | . . . . Martial Activations . | . . . . Shielding Activations . | . . . . Robots Disrupted . | . . . . Combat Hostiles . | . . . . Robots Corrupted 1 | . 1 . . Combat Hostiles 1 | . 1 . . Parts Fried 2 | . 2 . . Impact Corruptions . | . . . . Robots Melted . | . . . . Combat Hostiles . | . . . . Parts Melted 1 | . . . 1 Heat Transferred 433 | . 100 . 333 Parts Sabotaged . | . . . . Parts Stolen . | . . . . Parts Stripped . | . . . . Power Chain Reactions 1 | . 1 . . Alert | -11 -10 -9 -9 ------- Run | Yrd Mat Mat Sto Maximum Alert Level 1 | . . . 1 Low Security (%) 95 | 100 100 100 90 Level 1 4 | . . . 9 Level 2 . | . . . . Level 3 . | . . . . Level 4 . | . . . . Level 5 . | . . . . High Security . | . . . . Max Security . | . . . . Peak Influence 230 | . 63 68 230 Initial 26 | . . 26 3 Average 46 | . 21 43 73 Influence Increases 772 | . 196 72 504 Destroy 0b10 Robot/C 320 | . 120 60 140 Destroy 0b10 Robot/NC 5 | . 5 . . Destroy Leader 70 | . 20 10 40 Allied During Kill 16 | . . . 16 Successful Hack 26 | . 3 . 23 Destroy Structure 5 | . 3 2 . Partial Spotted 60 | . . . 60 Lose Combat Pursuer 270 | . 45 . 225 Influence Decreases 655 | . 133 127 395 Entered New Map 42 | . . 37 5 Time Decay 333 | . 113 50 170 Search Patrol Dispatched 100 | . . . 100 Lost Part 140 | . 20 40 80 Lost Ally 40 | . . . 40 Squads Dispatched 7 | . 2 1 4 Investigation 1 | . 1 . . Extermination . | . . . . Reinforcement 4 | . 1 1 2 Assault 2 | . . . 2 Garrison . | . . . . Intercept . | . . . . Searches Triggered 1 | . . . 1 Construction Impeded . | . . . . Haulers Reinforced . | . . . . Active Scanning Responses . | . . . . Cargo Convoy Interrupts . | . . . . Stealth | -11 -10 -9 -9 --------- Run | Yrd Mat Mat Sto Distress Signals 4 | . . 1 3 Communications Jammed . | . . . . Distress Signals . | . . . . Times Spotted 59 | . 12 8 39 Peak Tracking Total 19 | . 3 4 19 Tactical Retreats 7 | . 2 . 5 Traps | -11 -10 -9 -9 ------- Run | Yrd Mat Mat Sto Traps Triggered . | . . . . Indirectly . | . . . . Trap Hack Attempts . | . . . . Triggered . | . . . . Disarmed 3 | . . . 3 Reprogrammed . | . . . . Reused . | . . . . Traps Extracted . | . . . . Installed . | . . . . Triggered . | . . . . Machines | -11 -10 -9 -9 ---------- Run | Yrd Mat Mat Sto Machines Disabled . | . . . . Max in Single Turn . | . . . . Machines Repaired . | . . . . Machines Dismantled . | . . . . Machines Sabotaged . | . . . . Overloaded Fab Kills . | . . . . Hacking | -11 -10 -9 -9 --------- Run | Yrd Mat Mat Sto Machines Accessed 12 | . 5 . 7 Terminals 12 | . 5 . 7 Fabricators . | . . . . Repair Stations . | . . . . Recycling Units . | . . . . Scanalyzers . | . . . . Garrison Access . | . . . . Total Hacks 40 | . 20 . 20 Successful 16 | . 6 . 10 Failed 24 | . 14 . 10 Catastrophic 3 | . 2 . 1 Database Lockouts . | . . . . Manual . | . . . . Terminals 40 | . 20 . 20 Fabricators . | . . . . Repair Stations . | . . . . Recycling Units . | . . . . Scanalyzers . | . . . . Garrison Access . | . . . . Terminal Hacks 16 | . 6 . 10 Open Door 2 | . . . 2 Alert Level 1 | . . . 1 Locate Traps 2 | . . . 2 Disarm Traps 1 | . . . 1 Dispatch Records 1 | . . . 1 Maintenance Status 1 | . 1 . . Security Status 1 | . . . 1 Surveillance Status 1 | . 1 . . Transport Status 2 | . 2 . . Hauler Manifests 2 | . 1 . 1 Zone Layout 2 | . 1 . 1 Fabricator Hacks . | . . . . Repair Station Hacks . | . . . . Recycling Unit Hacks . | . . . . Scanalyzer . | . . . . Garrison Access Hacks . | . . . . Unauthorized Hacks . | . . . . Terminals . | . . . . Fabricators . | . . . . Repair Stations . | . . . . Recycling Units . | . . . . Scanalyzers . | . . . . Garrison Access . | . . . . Data Cores Recovered 1 | . 1 . . Used 1 | . 1 . . Hacking Detections 11 | . 5 . 6 Full Trace Events 1 | . 1 . . Feedback Events . | . . . . Feedback Blocked . | . . . . Robot Schematics Acquired . | . . . . Robots Built . | . . . . Authchips . | . . . . Time . | . . . . Total Robot Build Rating . | . . . . Part Schematics Acquired . | . . . . Parts Built . | . . . . Authchips . | . . . . Time . | . . . . Total Part Build Rating . | . . . . Part Studies Acquired . | . . . . Parts Repaired . | . . . . Time . | . . . . Parts Recycled . | . . . . Recycled Matter . | . . . . Retrieved Matter . | . . . . Retrieved Components . | . . . . Parts Scanalyzed . | . . . . Part Schematics Acquired . | . . . . Parts Damaged . | . . . . Bothacking | -11 -10 -9 -9 ------------ Run | Yrd Mat Mat Sto Used RIF Installer . | . . . . Robots Hacked . | . . . . Non-combat . | . . . . Combat . | . . . . Robot Hacks Applied . | . . . . Relay Couplers Released . | . . . . Fabnet Peak Effective % . | . . . . Robots Rewired . | . . . . Allies Hacked . | . . . . Hacks Repelled . | . . . . Allies | -11 -10 -9 -9 -------- Run | Yrd Mat Mat Sto Total Allies 2 | . . . 2 Largest Group 2 | . . . 2 Highest-Rated Group 62 | . . . 62 Highest-Rated Ally 31 | . . . 31 Total Orders . | . . . . Ally Attacks 22 | . . . 22 Total Damage 423 | . . . 423 Kills 3 | . . . 3 Allies Corrupted 1 | . . . 1 Allies Melted . | . . . . Intel | -11 -10 -9 -9 ------- Run | Yrd Mat Mat Sto Active Infowar (turns) 516 | . . 104 412 Optics 516 | . . 104 412 Robot Analysis Total . | . . . . Derelict Logs Recovered . | . . . . Drone Launches . | . . . . Drone Recoveries . | . . . . Exploration | -11 -10 -9 -9 ------------- Run | Yrd Mat Mat Sto Turns Passed 908 | 57 334 105 412 Spaces Moved 866 | 45 236 94 491 Core 16 | 16 . . . Treads . | . . . . Legs 68 | . 5 . 63 Wheels 355 | 29 231 94 1 Hover . | . . . . Flight 427 | . . . 427 Fastest Speed 34 | 50 80 80 34 Average Speed 60 | 69 80 80 46 Slowest Speed 120 | 80 120 80 120 Overloaded Moves . | . . . . Propulsion Burnouts . | . . . . Robots Hopped 18 | . . . 18 Potential Cave-ins . | . . . . Cave-ins Triggered . | . . . . Exploration Rate (%) 37 | 3 48 16 81 Regions Visited 3 Branch Regions 1 Pre-discovered Areas . | . . . . Known Exits Taken . | . . . . Unknown Exits Taken 3 | 1 1 1 . Scrap Searched . | . . . . Spaces Dug . | . . . . Terrain Destroyed 2 | . 2 . . Melee . | . . . . Projectile . | . . . . AOE 2 | . 2 . . Terrain Rammed . | . . . . Walls Destroyed . | . . . . Machines Disabled . | . . . . Actions | -11 -10 -9 -9 --------- Run | Yrd Mat Mat Sto Total 1140 | 70 344 105 621 Wait 182 | 10 78 . 94 Move 830 | 44 235 93 458 Hop 15 | . . . 15 Pick Up 28 | 10 6 . 12 Fast Attach . | . . . . Attach 27 | 6 3 2 16 Detach 2 | . . . 2 Swap 8 | . 5 . 3 Drop 3 | . 1 . 2 Fire 45 | . 16 10 19 Melee . | . . . . Ram . | . . . . Kick . | . . . . Crush . | . . . . Escape Stasis . | . . . . Rewire . | . . . . Trap . | . . . . Miscellaneous . | . . . . Route ------- -11/Scrapyard -10/Materials (discovered 2 exits: [*Mat] / [*Min]) -9/Materials -9/Storage History --------- Turn | Location | Event 9 | -11/Scrapyard | Discovered new exit (range 16) 58 | -11/Scrapyard | Entered Materials 87 | -10/Materials | Discovered new exit (range 7) 309 | -10/Materials | Discovered new exit (range 3) 326 | -10/Materials | Build established: Mutant 392 | -10/Materials | Entered another Materials area 392 | -9/Materials | Evolved 2 slots: Propulsion x1, Utility x1 466 | -9/Materials | Discovered new exit (range 8) 497 | -9/Materials | Entered Storage 521 | -9/Storage | Lost 3 parts (1p1n1w) 626 | -9/Storage | Met a pair of Derelict thieves 648 | -9/Storage | Lost 4 parts (3n1w) 765 | -9/Storage | Core integrity fell below 50% 796 | -9/Storage | Core integrity fell below 20% 824 | -9/Storage | Lost 6 parts (3n1u2w) 897 | -9/Storage | Search patrols dispatched 909 | -9/Storage | Destroyed by Y-45 Defender with Heavy Assault Rifle Last Messages --------------- 00820_ B-36 Bruiser unfolds itself. 00820_ G-34 Mercenary unfolds itself. 00823_ M-13 Machinist repairs Y-45 Defender. 00832_ K-01 Serf cleans the Component Storage. 00881_ Flight Unit destroyed. 00881_ Acquired 33 matter. 00885_ Acquired Imp. Flight Unit. 00887_ Critical hit (Burn: +37). 00888_ Acquired Prototype Energy Gun. 00897_ ALERT: Heightened foreign activity detected, dispatching search patrol. 00897_ Connecting with Door Terminal... >>Open(Door) Sealed Heavy Doors opened. 00898_ Acquired Prototype Engine. 00899_ Identified Hvy. Ion Engine. 00900_ Identified Imp. Medium Laser. 00900_ Faulty integration triggers energy drain (-59). 00902_ Dropped Faulty Imp. Medium Laser. Map ----- +----------------------------------------------------+ | #???????????????????????????????????? | | ## #???????????????????????????????????? | | ?######???????????????????????????????????? | | ??????????????????????????????????????????? | | #?????????????????????????????????????????? | | #?????????????????????????????????????????? | | ##????????????????????????????????????????? | | T#?????????###############????????????????? | | ###??????### / #????????????????? | | ########"" # #????????????????? | | ##"Y """ # #????????????????? | | +###### ##"" """ # // [ #????????????????? | | ## #### """ # ] #????????????????? | | "" ## #?# # % ########?????????? | | "" ! ## #######/########+# #?????????? | | "" + b + [ #?????????? | | "" ############# # ! #?????????? | | "" #???????????# #! ! #?????????? | | #???????????# + #?????????? | | #???????????# g ^^# = #?????????? | | = !#???????????# ^^#############????? | | # ####???????????# ! #?# #????? | | ###????????"""???# Y !%*#?# #????? | | ??????#####""T""## Y Y### """ """ ##???? | | ??????# Y %[%# """ """ T#???? | | ??????# @!+ """ """ #????? | | ??????# Y #% #????? | | ??????##################Y # #????? | | ?????????????#####?????# # #????? | | ?????????????#***#?????# ##+########????? | | ?????????????#*[*#?????#gb ## #???????????? | | ????????????## #?????#g ## #???????????? | | ????????????#T #?????# ## #???????????? | | ????????????###+########g ## #???????????? | | ?????????????# i ## ############# | | ????????###### ## / # | | ###?????#"""## ## # """" # | | #######"T"################# # "??"" # | | %" # "???"" # | | + "????? # | | # "???? # | | ##"""T"""######+#########+###+# "??? # | | /###########????# #??# # ??? # | | % %!#??????????#T #??# """" #######??## | | !%==#??????????##"""#??#????" #?????????? | | "!"##???????????????????????" #?????????? | | !#???????????????????????" #?????????? | | #???????????????????????" #?????????? | | ]]#???????????????????????" #?????????? | | ] ]#??????????????????????? #?????????? | +----------------------------------------------------+ Best States ------------- Heat Dissipation 50 Energy Generation 14 Energy Capacity 280 Matter Stores 300 Matter Capacity 300 Sight Range 18 Terrain Scan Density 10 Evasion (%) 63 Item Schematics ----------------- None Robot Schematics ------------------ None Fabricated ------------ Nothing Repaired ---------- Nothing Studied --------- None Alien Tech Used ----------------- None Achievements -------------- None Challenges ------------ None Game ------ Seed ThunderMultireflexDetector Manual? 0 Play Time 00:16:18 Cumulative 38.5 hours Start 2026.07.01 @ 07:35:41 End 2026.07.01 @ 07:51:31 Sessions 1 Manual Loads 0 Difficulty Rogue Special Mode None Game No. 57 Rogue 29 Adventurer 28 Explorer 0 Win Type - Total 0 Types 0/0/0/0/0/0/0/0/0/0 Lore% 16 Gallery% 27 Achievement% 21 Wizard Run 0 Options --------- Layout 1 ASCII 0 Keyboard 0 Movement Mouse Keybinds 0 Fullscreen 1 Font 24/Smallcaps Map View 50x35 Zoom Use 0% Tactical HUD 1 Map Filters NONE Filters NONE Steam 1 RUN: 97fc1d8f-4552-4270-9bf8-7e23ecdc8a16